Map: Magma Mines

Players

Rome - Winner!

  • Race: Zerg Zerg

DukeNukem - Winner!

  • Race: Zerg Zerg
  • League: Diamond

Tenonee

  • Race: Zerg Zerg
  • League: Diamond

wertheram

  • Race: Zerg Zerg
  • League: Master

VOD

Have the link to the VOD?

Description

Time

  • Played on: July 26, 2016, 11:58 a.m.
  • Length: 11:02
Show
View Real Time Build Order
Export as new Build Order

Rome Zerg - Winner!

Build Orders: Hatch First 

Get SALT Encoding   

  12  0:00  Drone  
  13  0:13  Overlord  
  13  0:19  Drone  
  14  0:24  Extractor  
  14  0:25  Drone  
  15  0:33  Drone  
  16  0:37  Drone  
  17  0:57  Drone, Hatchery  
  17  1:01  Drone  
  18  1:06  Extractor  
  17  1:21  Spawning Pool  
  17  1:23  Drone  
  17  1:24  Drone  
  18  1:35  Overlord  
  18  1:49  Drone  
  19  1:57  Drone  
  20  2:07  Metabolic Boost  
  20  2:08  Queen  
  20  2:09  Queen  
  24  2:16  Drone  
  24  2:17  Drone  
  26  2:27  Baneling Nest  
  25  2:32  Zergling x2  
  25  2:33  Zergling x4  
  28  2:37  Zergling x2  
  28  2:40  Overlord  
  29  2:52  Zergling x4  
  31  3:05  Zergling x6  
  34  3:21  Baneling x2  
  34  3:29  Zergling x16  
  42  3:40  Baneling  
  42  3:53  Drone x3  
  43  4:04  Baneling x2  
  43  4:05  Baneling  
  39  4:19  Lair  
  39  4:20  Drone x2  
  39  4:24  Drone x2  
  43  4:26  Extractor  
  35  4:33  Zergling x12  
  41  4:42  Extractor  
  41  4:43  Extractor  
  37  4:53  Drone x2  
  37  4:55  Drone x3  
  37  4:56  Drone  
  42  5:02  Drone x3  
  42  5:03  Hatchery  
  43  5:08  Drone  
  43  5:11  Baneling x2  
  44  5:15  Overlord  
  44  5:16  Overlord  
  44  5:19  Spire  
  44  5:20  Overlord  
  43  5:24  Overlord  
  43  5:33  Drone  
  43  5:35  Drone x2  
  46  5:37  Drone x3  
  46  5:38  Queen  
  51  5:58  Drone x5  
  56  6:06  Overlord  
  56  6:07  Overlord  
  56  6:13  Extractor  
  56  6:16  Roach Warren  
  56  6:17  Drone x2  
  56  6:20  Evolution Chamber  
  56  6:24  Drone x2  
  57  6:30  Mutalisk x5  
  67  6:40  Mutalisk x4  
  67  6:46  Extractor  
  74  6:47  Mutalisk  
  74  6:50  Drone  
  74  6:53  Drone  
  78  6:55  Drone x4  
  78  6:56  Zerg Missile Weapons Level 1  
  82  7:02  Drone x2  
  82  7:04  Overlord  
  82  7:05  Glial Reconstitution  
  84  7:17  Mutalisk x4  
  91  7:30  Drone x3, Overlord  
  91  7:36  Drone  
  94  7:41  Evolution Chamber  
  93  7:46  Roach x6  
  93  7:48  Overlord  
  93  7:49  Overlord  
  105  7:57  Hatchery  
  104  8:02  Overlord  
  104  8:04  Drone x4  
  108  8:16  Mutalisk x5  
  118  8:22  Zerg Flyer Armor Level 1  
  118  8:31  Mutalisk x2  
  118  8:32  Mutalisk x2  
  126  8:37  Spore Crawler  
  125  8:42  Spore Crawler  
  125  8:44  Mutalisk x2  
  125  8:48  Overlord x3  
  128  9:04  Overlord x3  
  123  9:14  Roach x6  
  123  9:15  Roach x4  
  126  9:39  Drone x5  
  126  9:41  Drone x2  
  126  9:45  Infestation Pit  
  132  9:53  Drone  
  132  9:56  Extractor  
  132  9:58  Extractor  
  131  10:00  Spine Crawler  
  129  10:17  Drone x2  
  129  10:20  Drone x2, Overlord  
  133  10:26  Drone x2  
  133  10:27  Drone  
  136  10:37  Drone x2, Overlord x2  
  136  10:42  Roach  
  146  10:43  Roach x11  
Show
View Real Time Build Order
Export as new Build Order

DukeNukem Zerg - Winner!

Build Orders: Hatch First 

Get SALT Encoding   

  12  0:01  Drone  
  13  0:12  Overlord  
  13  0:18  Drone  
  14  0:31  Drone x2  
  14  0:35  Drone  
  17  1:00  Drone x2  
  17  1:02  Hatchery  
  18  1:07  Drone  
  19  1:18  Drone  
  20  1:22  Spawning Pool  
  19  1:37  Drone  
  20  1:45  Extractor x2, Drone  
  19  1:50  Drone  
  20  1:57  Hatchery  
  20  1:59  Evolution Chamber  
  20  2:00  Drone  
  20  2:12  Queen  
  20  2:14  Drone  
  23  2:20  Drone, Spine Crawler  
  23  2:21  Drone  
  24  2:24  Queen  
  26  2:37  Roach Warren  
  26  2:40  Drone  
  26  2:43  Drone  
  27  2:47  Drone  
  28  2:59  Lair  
  28  3:03  Overlord  
  26  3:14  Queen  
  28  3:25  Roach x2  
  32  3:27  Roach  
  32  3:32  Roach  
  36  3:38  Overlord  
  36  3:58  Drone x3  
  36  3:59  Drone x4  
  43  4:05  Drone  
  42  4:24  Drone x2  
  42  4:26  Glial Reconstitution  
  44  4:40  Overlord x3  
  44  4:44  Extractor  
  44  4:45  Extractor  
  40  4:58  Roach x2  
  40  4:59  Roach x5  
  50  5:01  Roach  
  52  5:08  Roach x2  
  52  5:09  Roach x2  
  60  5:16  Roach x2  
  60  5:21  Roach x2  
  68  5:34  Overlord x3  
  68  5:55  Drone x4  
  68  5:56  Drone  
  75  6:18  Roach x3  
  75  6:19  Roach  
  75  6:21  Roach x4  
  87  6:32  Roach x2  
  91  6:39  Overlord x2  
  91  6:45  Drone  
  92  6:48  Burrow  
  92  6:53  Overlord  
  92  7:02  Hatchery  
  89  7:19  Roach x2  
  89  7:20  Roach x2  
  89  7:22  Roach x3  
  83  7:32  Roach x4  
  91  7:47  Roach x3  
  91  7:48  Roach  
  91  7:50  Roach x20  
  97  7:52  Spore Crawler  
  97  7:53  Spore Crawler  
  97  7:54  Hydralisk Den  
  94  7:58  Drone x2  
  94  7:59  Drone  
  94  8:03  Roach, Spore Crawler  
  98  8:09  Spore Crawler  
  95  8:24  Roach x4  
  101  8:32  Hydralisk x3  
  99  8:42  Hydralisk x2  
  99  8:47  Hydralisk  
  105  8:55  Drone  
  106  8:56  Infestation Pit  
  99  9:14  Hydralisk x2  
  99  9:15  Hydralisk x2  
  91  9:22  Hydralisk x2, Roach x15  
  93  9:26  Drone  
  93  9:27  Drone x2  
  93  9:30  Drone  
  97  9:31  Drone  
  98  9:38  Roach x15  
  98  9:42  Hydralisk x2  
  102  9:46  Queen  
  102  9:47  Drone  
  105  9:56  Roach x3  
  111  10:06  Drone x5  
  110  10:07  Drone  
  111  10:24  Hydralisk  
  111  10:26  Overlord x3  
  113  10:36  Drone  
Show
View Real Time Build Order
Export as new Build Order

Tenonee Zerg 

Build Orders: Hatch First 

Get SALT Encoding   

  12  0:01  Drone  
  13  0:14  Overlord  
  13  0:24  Drone  
  14  0:33  Drone  
  14  0:34  Drone  
  16  0:39  Drone  
  17  0:49  Drone  
  18  0:57  Hatchery  
  18  1:02  Drone  
  18  1:07  Extractor  
  17  1:19  Spawning Pool  
  17  1:24  Drone x2  
  18  1:30  Overlord  
  18  1:40  Overlord  
  18  1:51  Drone  
  19  2:08  Metabolic Boost  
  19  2:14  Queen x2  
  23  2:31  Zergling x4  
  23  2:32  Zergling x4  
  27  2:37  Drone  
  27  2:38  Drone  
  29  2:45  Drone  
  29  2:46  Drone  
  29  2:47  Roach Warren  
  31  2:58  Drone x2  
  32  3:07  Overlord  
  32  3:08  Drone  
  33  3:17  Drone x2  
  35  3:27  Drone x2  
  36  3:32  Zergling x2  
  36  3:33  Zergling x10  
  42  3:58  Drone x2  
  42  4:02  Lair  
  44  4:06  Roach x2  
  44  4:07  Roach x2  
  48  4:23  Zergling x10  
  51  4:25  Overlord  
  51  4:32  Extractor x2  
  46  4:51  Roach x5  
  55  5:07  Glial Reconstitution  
  51  5:08  Drone x2  
  51  5:09  Drone  
  51  5:10  Drone x3  
  51  5:13  Extractor  
  56  5:16  Roach  
  56  5:21  Roach  
  60  5:22  Overlord  
  60  5:23  Overlord x2  
  60  5:41  Drone x6  
  66  5:46  Hatchery  
  63  5:55  Roach x5  
  63  5:56  Evolution Chamber, Roach  
  72  6:05  Overlord x2  
  72  6:16  Roach  
  72  6:17  Roach  
  76  6:24  Queen x2  
  78  6:26  Roach  
  78  6:27  Roach x5  
  78  6:31  Zerg Ground Armor Level 1  
  92  6:40  Roach x3  
  92  6:45  Ravager x4  
  92  6:46  Overlord x2  
  92  6:47  Overlord  
  100  6:56  Overlord  
  100  6:57  Overlord x2  
  100  7:04  Queen  
  100  7:07  Spore Crawler  
  101  7:09  Spore Crawler  
  101  7:10  Drone x4  
  101  7:11  Drone  
  63  7:30  Hydralisk Den  
  60  7:38  Roach  
  60  7:39  Roach x9  
  72  7:57  Roach x3  
  78  8:02  Hydralisk x3  
  78  8:03  Hydralisk  
  86  8:20  Hydralisk x5  
  86  8:24  Muscular Augments  
  96  8:46  Hydralisk x3  
  102  8:57  Zerg Missile Weapons Level 1  
  100  9:05  Hatchery  
  83  9:20  Hydralisk x4, Roach  
  83  9:21  Roach x4  
  71  9:44  Hydralisk  
  71  9:45  Hydralisk x2, Roach x2  
  77  9:46  Roach x2  
  85  9:57  Hydralisk x3  
  91  10:19  Hydralisk x2  
  95  10:30  Hatchery  
  94  10:37  Hydralisk x2  
  94  10:38  Hydralisk x2  
Show
View Real Time Build Order
Export as new Build Order

wertheram Zerg 

Build Orders: Hatch First, Zergling Baneling 

Get SALT Encoding   

  12  0:01  Drone  
  13  0:08  Drone  
  14  0:22  Extractor x2  
  14  0:23  Drone x2  
  16  0:29  Overlord  
  16  0:52  Hatchery  
  16  0:55  Drone  
  16  0:57  Drone  
  16  1:03  Drone  
  18  1:13  Extractor  
  17  1:19  Spawning Pool  
  17  1:20  Drone  
  17  1:24  Drone  
  18  1:30  Drone  
  19  1:39  Drone  
  20  1:53  Drone  
  21  2:06  Queen x2  
  21  2:08  Zergling x4  
  27  2:14  Zergling x2  
  28  2:17  Metabolic Boost  
  28  2:23  Overlord  
  28  2:39  Baneling Nest  
  28  2:40  Zergling x2  
  28  2:41  Overlord  
  28  2:43  Drone x2  
  30  2:49  Zergling x2  
  30  2:50  Zergling x2  
  32  2:55  Zergling x2  
  33  3:00  Zergling x2  
  33  3:07  Zergling x2  
  33  3:14  Zergling x2  
  33  3:15  Zergling x2  
  33  3:18  Zergling x2  
  33  3:19  Zergling x4  
  38  3:20  Zergling x2  
  38  3:25  Zergling x2  
  40  3:28  Zergling x2  
  40  3:31  Baneling x5  
  40  3:38  Baneling  
  40  3:39  Zergling x4  
  42  3:44  Drone  
  42  3:46  Drone  
  42  3:59  Drone x2  
  42  4:00  Overlord  
  44  4:04  Baneling  
  43  4:10  Baneling  
  43  4:11  Spine Crawler  
  34  4:21  Overlord, Zergling x6  
  34  4:22  Drone  
  34  4:24  Drone  
  37  4:35  Zergling x2  
  38  4:38  Drone x3  
  38  4:39  Drone  
  38  4:40  Drone  
  42  4:51  Zergling x6  
  42  4:55  Zergling x2  
  42  4:59  Baneling x3  
  43  5:00  Drone x3  
  43  5:01  Drone  
  43  5:05  Drone  
  48  5:11  Lair  
  48  5:15  Drone  
  48  5:16  Drone x2  
  48  5:19  Extractor, Drone  
  48  5:20  Extractor  
  50  5:22  Extractor, Drone  
  49  5:35  Drone, Overlord  
  50  5:39  Overlord x2  
  50  5:44  Drone  
  50  5:46  Zergling x2  
  50  5:47  Zergling x2  
  51  5:57  Overlord, Zergling x2  
  51  6:02  Zergling x2  
  49  6:11  Zergling x4  
  49  6:18  Spire  
  49  6:21  Zergling x8  
  49  6:25  Overlord  
  52  6:33  Overlord  
  52  6:34  Spore Crawler  
  52  6:39  Drone x4  
  55  6:47  Overlord, Spore Crawler x2  
  55  6:48  Overlord  
  55  6:53  Drone  
  55  6:54  Drone  
  55  7:09  Hatchery  
  54  7:17  Spore Crawler  
  53  7:29  Mutalisk x4  
  47  7:30  Mutalisk x3  
  47  7:33  Zergling x2  
  60  7:39  Mutalisk  
  62  7:47  Zergling x8  
  62  7:50  Queen  
  68  7:51  Overlord  
  68  7:52  Mutalisk  
  68  7:58  Zergling x4  
  72  8:03  Mutalisk  
  72  8:04  Zergling x2  
  75  8:18  Mutalisk  
  73  8:20  Zergling x2  
  73  8:21  Zergling x12  
  73  8:25  Mutalisk  
  73  8:26  Queen  
  76  8:36  Mutalisk  
  76  8:38  Zergling x6  
  81  8:43  Zergling x4  
  81  8:46  Queen  
  85  8:48  Spore Crawler  
  85  8:50  Drone  
  85  8:54  Extractor  
  84  8:56  Zerg Flyer Armor Level 1  
  84  8:57  Extractor  
  69  9:10  Mutalisk  
  69  9:12  Zergling x12  
  69  9:15  Overlord  
  58  9:18  Zergling x2  
  58  9:19  Zergling x4  
  58  9:22  Mutalisk  
  60  9:34  Mutalisk  
  61  9:45  Drone x7  
  68  9:49  Mutalisk x2  
  68  10:07  Mutalisk  
  68  10:09  Drone  
  67  10:15  Mutalisk x2  
  67  10:17  Zergling x2  
  67  10:18  Zergling x10  
  77  10:31  Drone x4  
Tags
 
Add a new tag
Caveats
  • Supply blocks, unpowered buildings, or Contaminate may cause inaccurate times.
  • Supply counts are checked every 10 seconds.